 Dungeon Crawl Stone Soup version 0.20.0-8-g6b59dc7 (webtiles) character file.

51 Jannitor the Magician (level 3, -4/24 HPs)
             Began as a Mummy Wizard on June 2, 2017.
             Slain by a centaur (7 damage)
             ... on level 3 of the Dungeon.
             The game lasted 00:02:55 (2105 turns).

Jannitor the Magician (Mummy Wizard)                Turns: 2105, Time: 00:02:56

Health: -4/24      AC:  3    Str: 10    XL:     3   Next: 57%
Magic:  4/8        EV: 12    Int: 18    God:
Gold:   182        SH:  0    Dex: 10    Spells: 7/10 levels left

rFire    x . .     SeeInvis .   j - +0 short sword
rCold    + . .     Gourm    .   (no shield)
rNeg     + + +     Faith    .   a - +0 robe
rPois    ∞         Spirit   .   g - +0 helmet (curse)
rElec    .         Reflect  .   (no cloak)
rCorr    .         Harm     .   (no gloves)
MR       .....                  (no boots)
Stlth    ++........             (no amulet)
Regen    0.1/turn               (no ring)
MPRegen  0.2/turn               (no ring)

@: no status effects
A: no food or potions, fire vulnerability, cold resistance 1, negative energy
resistance 3, torment resistance, unbreathing
a: no special abilities


You were on level 3 of the Dungeon.
You were not hungry.

You visited 1 branch of the dungeon, and saw 3 of its levels.

You collected 182 gold pieces.

Inventory:

Hand Weapons
 j - a +0 short sword (weapon)
Armour
 a - a +0 robe (worn)
 b - a +0 hat
 g - a cursed +0 helmet (worn)
Jewellery
 h - an uncursed amulet of guardian spirit
Scrolls
 d - a scroll of blinking {unknown}
 e - 2 scrolls of recharging {unknown}
 f - a scroll of remove curse {unknown}
 i - a scroll of teleportation {unknown}
 k - a scroll of noise {unknown}
Books
 c - a book of Minor Magic

   Spells                             Type                      Level
   a - Magic Dart                     Conjuration                  1
   b - Blink                          Translocation                2
   c - Call Imp                       Summoning                    2
   d - Slow                           Hexes                        2
   e - Conjure Flame                  Conjuration/Fire             3
   f - Mephitic Cloud                 Conjuration/Poison/Air       3


   Skills:
 - Level 1.5 Dodging
 - Level 1.5 Stealth
 + Level 4.2 Spellcasting
 + Level 2.7 Conjurations
 - Level 0.7 Summonings
   Level 0.7 Translocations


You had 7 spell levels left.
You knew the following spells:

 Your Spells              Type           Power        Failure   Level  Hunger
a - Magic Dart            Conj           ##..         4%          1    N/A
b - Call Imp              Summ           #.......     16%         2    N/A

Dungeon Overview and Level Annotations

Branches:
Dungeon (3/15)

Altars:
Makhleb
The Shining One


Innate Abilities, Weirdness & Mutations

You do not eat or drink.
Your flesh is vulnerable to fire.
You are immune to poison.
Your flesh is cold resistant. (rC+)
You are immune to negative energy. (rN+++)
You are immune to unholy pain and torment.
You can survive without breathing.


Message History

Unknown command.
Casting: Call Imp
Confirm with . or Enter, or press ? or * to list all spells.
Aiming: Magic Dart
Press: ? - help, Shift-Dir - straight line, f/p - centaur
Aim: a centaur (lightly wounded)
The magic dart hits the centaur.
The centaur is moderately wounded.
The centaur hits you. The centaur hits you!
* * * LOW HITPOINT WARNING * * *
Your crimson imp barely misses the centaur.
Casting: Magic Dart
Confirm with . or Enter, or press ? or * to list all spells.
Aiming: Magic Dart
Press: ? - help, Shift-Dir - straight line, f/p - centaur
Aim: a centaur (moderately wounded)
The magic dart hits the centaur.
The centaur is moderately wounded.
The centaur hits you!
You die...

##c..# #.....# #.....##
#......# #######......#
#.....#......#
#...$5#......##
+....@c........
#.....#...############
........#...............
........#...............
........#...............
........#...............
....#####...............
.... #...............
#...............


You could see a centaur and a friendly crimson imp.

Vanquished Creatures
  An adder (D:3)
  An ooze (D:1)
  2 dart slugs (D:2)
  A leopard gecko (D:2)
  6 giant cockroaches
  3 hobgoblins
  2 jackals (D:1)
  4 kobolds
  3 bats (D:1)
  3 frilled lizards (D:1)
  3 goblins
  3 rats
32 creatures vanquished.

Notes
Turn   | Place    | Note
-------+----------+-------------------------------------------
     0 | D:1      | Jannitor the Mummy Wizard began the quest for the Orb.
     0 | D:1      | Reached XP level 1. HP: 13/13 MP: 5/5
    43 | D:1      | Reached skill level 1 in Conjurations
   380 | D:1      | Reached XP level 2. HP: 19/19 MP: 5/7
  1310 | D:2      | Reached XP level 3. HP: 24/24 MP: 6/8
  1530 | D:2      | Learned a level 2 spell: Call Imp
  1617 | D:2      | Found a glowing golden altar of the Shining One.
  1690 | D:2      | Found a burning altar of Makhleb.
  2095 | D:3      | Noticed a centaur
  2105 | D:3      | Slain by a centaur

Skill      XL: |  1  2 |
---------------+-------+-----
Conjurations   | 1 2 |  2.7
Dodging        | |  1.5
Stealth        | |  1.5
Spellcasting   | |  4.2
Summonings     | |  0.7
Translocations | |  0.7

Action                   || total
-------------------------++-------
Melee: Unarmed           ||     4
 Cast: Magic Dart        ||   104
       Call Imp          ||     1
Armor: Robe              ||     8
Dodge: Dodged            ||    15
